 Dungeon Sprint DCSS version 0.31-a0-4-gefa6de2278 (webtiles) character file.

Game seed: 8887642794497956207

284 sircluck the Protected (level 6, -14/61 HPs)
             Began as a Hill Orc Fighter on May 4, 2023.
             Was a Follower of Beogh.
             Demolished by a shadow (32 damage)
             ... in the Dungeon (Sprint IX: "|||||||||||||||||||||||||||||").
             The game lasted 00:01:29 (363 turns).

sircluck the Protected (Hill Orc Fighter)            Turns: 363, Time: 00:01:30

Health: -14/61     AC:  8    Str: 21    XL:     6   Next: 29%
Magic:  6/6        EV: 10    Int:  8    God:    Beogh [*.....]
Gold:   0          SH:  5    Dex: 10    Spells: 5/5 levels left

rFire   . . .        n - +1 broad axe (heavy)
rCold   . . .        c - +0 buckler
rNeg    . . .        b - +0 scale mail
rPois   .            (no helmet)
rElec   .            (no cloak)
rCorr   .            (no gloves)
SInv    .            (no boots)
Will    .....        (no amulet) Stlth
                     (no ring)
HPRegen 0.30/turn    (no ring)
MPRegen 0.10/turn

%: no teleportation
@: no status effects
A: no striking features
a: Renounce Religion


You were in the Dungeon.
You worshipped Beogh.
Beogh was aware of your devotion.
You visited 1 branch

Inventory:

Hand Weapons
 a - a +0 war axe
 n - a +1 heavy broad axe (weapon)
Armour
 b - a +0 scale mail (worn)
 c - a +0 buckler (worn)
 o - a +0 pair of boots
 p - a +0 helmet
 q - a +1 scale mail
Jewellery
 r - a +3 ring of intelligence
 s - a +2 ring of protection
Wands
 m - a wand of quicksilver (8)
Scrolls
 k - 2 scrolls of amnesia
Potions
 d - a potion of might
 e - a potion of invisibility
 f - 3 potions of heal wounds
 g - a potion of haste
 h - 4 potions of magic
 i - a potion of berserk rage
 j - 4 potions of curing


   Skills:
 + Level 7.7 Fighting
 + Level 8.3 Axes
 + Level 8.9 Armour
 + Level 1.2 Dodging
 + Level 6.9 Shields
 + Level 0.1 Evocations


You had 5 spell levels left.
You didn't know any spells.
Your spell library was empty.

Dungeon Overview and Level Annotations

Branches:
Dungeon (1/1)

Altars:
Cheibriados
Dithmenos
Elyvilon
Fedhas
Gozag
Hepliaklqana
Kikubaaqudgha
Makhleb
Nemelex Xobeh
Okawaru
Qazlal
Ru
Sif Muna
Trog
Uskayaw
Vehumet
Wu Jian
Xom
Yredelemnul
Zin
The Shining One
Beogh
Jiyva
Lugonu


Message History

Beogh appreciates your killing of a heretic priest.
The bolt of dispelling energy hits the two-headed ogre!
The two-headed ogre is lightly wounded.
The bolt of dispelling energy hits the killer bee!
The killer bee is almost dead.
The bolt of dispelling energy hits the howler monkey!!
You kill the howler monkey!
Beogh accepts your kill.
Your Axes skill increases to level 7!
Your Armour skill increases to level 8!
Your Dodging skill increases to level 1!
You have reached level 6!
Aiming: Quicksilver Bolt
Press: ? - help, Q - select action Shift-Dir - straight line, f - killer bee
Aim: a killer bee (almost dead, 43% to hit)
The bolt of dispelling energy hits the shadow!
The shadow is almost destroyed.
The bolt of dispelling energy hits the two-headed ogre!
The two-headed ogre is heavily wounded.
The bolt of dispelling energy hits the killer bee!
You kill the killer bee!
Beogh accepts your kill. You block the shadow's attack.
Your Axes skill increases to level 8!
Unknown command.
You barely miss the shadow.
The shadow is almost destroyed.
The shadow hits you. x2
You closely miss the shadow.
The shadow is almost destroyed.
The shadow barely misses you. The shadow hits you.
* * * LOW HITPOINT WARNING * * *
You barely miss the shadow.
The shadow is almost destroyed.
The shadow slips into darkness.
The shadow flickers and vanishes!
Deactivating autopickup; reactivate with Ctrl-A.
You closely miss something.
The shadow strikes at you from the darkness!
Ouch! That really hurt!
You die... ▓▓▓▓▓▓▓▓▓▓▓▓▓▓▓▓▓▓▓▓▓ ▓<..@{O)..†'÷....W___ ▓▓▓▓▓▓▓▓▓▓▓▓▓▓▓▓▓▓▓▓▓

You could see a two-headed ogre.

Vanquished Creatures
  A scorpion (D)
  A killer bee (D)
  A howler monkey (D)
  A jelly (D)
  An orc priest (D)
  2 hounds (D)
  An iguana (D)
  A giant cockroach (D)
  A kobold (D)
  A quokka (D)
  2 ball pythons (D)
13 creatures vanquished.

Notes
Turn   | Place    | Note
-------+----------+-------------------------------------------
     0 | D        | sircluck the Hill Orc Fighter began the quest for the Orb.
     0 | D        | Reached XP level 1. HP: 19/19 MP: 1/1
    54 | D        | Noticed a hound
    54 | D        | Noticed a jelly
    54 | D        | Noticed a scorpion
    54 | D        | Noticed a hound
    54 | D        | Noticed an iguana
    68 | D        | Killed a hound
    69 | D        | Reached skill level 5 in Fighting
    69 | D        | Reached skill level 5 in Armour
    69 | D        | Reached XP level 2. HP: 10/29 MP: 2/2
    69 | D        | Reached XP level 3. HP: 13/36 MP: 3/3
    80 | D        | Reached skill level 5 in Shields
    80 | D        | Reached XP level 4. HP: 17/44 MP: 4/4
    97 | D        | Found a roughly hewn altar of Beogh.
    97 | D        | Found a snail-covered altar of Cheibriados.
    97 | D        | Found a shadowy altar of Dithmenos.
    97 | D        | Found a white marble altar of Elyvilon.
    97 | D        | Found a blossoming altar of Fedhas.
    97 | D        | Found an opulent altar of Gozag.
    98 | D        | Found a hazy altar of Hepliaklqana.
    99 | D        | Found a viscous altar of Jiyva.
   100 | D        | Found an ancient bone altar of Kikubaaqudgha.
   103 | D        | Reached skill level 5 in Axes
   109 | D        | Reached XP level 5. HP: 13/51 MP: 5/5
   110 | D        | Found a corrupted altar of Lugonu.
   113 | D        | Became a worshipper of Beogh the Brigand
   249 | D        | Found a burning altar of Makhleb.
   250 | D        | Found a sparkling altar of Nemelex Xobeh.
   251 | D        | Found an iron altar of Okawaru.
   252 | D        | Found a stormy altar of Qazlal.
   253 | D        | Found a sacrificial altar of Ru.
   254 | D        | Found a shimmering blue altar of Sif Muna.
   255 | D        | Found a bloodstained altar of Trog.
   256 | D        | Found a hide-covered altar of Uskayaw.
   257 | D        | Found a radiant altar of Vehumet.
   258 | D        | Found an ornate altar of the Wu Jian Council.
   259 | D        | Found a shimmering altar of Xom.
   260 | D        | Found a basalt altar of Yredelemnul.
   261 | D        | Found a glowing silver altar of Zin.
   262 | D        | Found a glowing golden altar of the Shining One.
   293 | D        | Noticed a shadow
   293 | D        | Noticed a two-headed ogre
   293 | D        | Noticed a wyvern
   358 | D        | Reached * piety under Beogh
   359 | D        | Reached skill level 1 in Dodging
   359 | D        | Reached XP level 6. HP: 25/60 MP: 6/6
   363 | D        | Demolished by a shadow

Illustrated notes

Levels and vault maps discovered:
D:        linesprint [early_d, line_temple, items_1, d_10, items_2, lair_1,
          lair_end, items_3, orc_1, orc_end, items_4, d_15, swamp_1, shoals_1,
          snake_1, spider_1, d_20, vaults_1, items_5, swamp_end, shoals_end,
          snake_end, spider_end, vaults_end, d_27, items_6, zot_1, zot_end,
          crypt_end, forest_end, elf_end, slime_end, tomb_end, abyss_end,
          pan_hell_end]

Skill      XL: |  1  2  3  4  5  6 |
---------------+-------------------+-----
Fighting       | 5 6 7 |  7.7
Axes           | 4 5 7 8 |  8.3
Armour         | 5 6 8 |  8.9
Shields        | 4 5 6 |  6.9
Dodging        | 1 |  1.2
Evocations     | |  0.1

Action                     |  1- 3 |  4- 6 || total
---------------------------+-------+-------++-------
  Melee: War axe           |    34 |    16 ||    50
         Broad axe         |       |     8 ||     8
  Evoke: Wand              |       |     2 ||     2
    Use: Scroll            |       |     2 ||     2
         Potion            |       |     1 ||     1
 Armour: Scale mail        |    22 |     7 ||    29
  Dodge: Dodged            |    18 |    10 ||    28
  Block: Buckler           |     6 |     6 ||    12

Table legend: (Time is in decaauts)
 A = Elapsed time spent in this place.
 B = Non-inter-level travel time spent in this place.
 C = Inter-level travel time spent in this place.
 D = Time resting spent in this place.
 E = Time spent auto-exploring this place.
 F = Levels seen in this place.
 G = Mean time per level.
                   A        B        C        D        E       F      G
               +--------+--------+--------+--------+--------+-----+--------+
         Total |    385 |    385 |      0 |      6 |    170 |   1 |  385.0 |
       Dungeon |    385 |    385 |      0 |      6 |    170 |   1 |  385.0 |
               +--------+--------+--------+--------+--------+-----+--------+

Top non-repeatable levels by time:
       D: 385 daAuts
